 Dungeon Crawl Stone Soup version 0.28-a0-1374-ga75cb3825e (webtiles) character file.

Game seed: 1186553139389763190

46358 Gwenloh the Eclecticist (level 14, -6/98 HPs)
             Began as a Mummy Necromancer on Dec 30, 2021.
             Was an Elder of Kikubaaqudgha.
             Mangled by a fire elemental (9 damage)
             ... summoned by a deep elf pyromancer
             ... on level 2 of the Orcish Mines on Dec 31, 2021.
             The game lasted 02:24:29 (36441 turns).

Gwenloh the Eclecticist (Mummy Necromancer)        Turns: 36441, Time: 02:24:29

Health: -6/98      AC: 11    Str: 12    XL:     14   Next: 4%
Magic:  25/34      EV: 14    Int: 18    God:    Kikubaaqudgha [****..]
Gold:   1570       SH:  0    Dex: 13    Spells: 11/45 levels left

rFire   . . .      SeeInvis .   x - staff of death
rCold   + . .      Faith    +   (no shield)
rNeg    + + +      Spirit   .   J - +0 steam dragon scales
rPois   ∞          Reflect  .   L - +2 helmet
rElec   .          Harm     .   y - scarf {+Inv}
rCorr   .          Rampage  .   C - +2 pair of gloves
Will    +....                   (no boots)
Stlth   ++........              d - amulet of faith
HPRegen 0.26/turn               A - ring of protection from fire
MPRegen 0.24/turn               e - ring of wizardry

@: no status effects
A: cold resistance 1, negative energy resistance 3, torment resistance 2, heat
vulnerability 1, in touch with death 1, no potions
a: Renounce Religion, Evoke Invisibility, Receive Corpses


You were on level 2 of the Orcish Mines.
You worshipped Kikubaaqudgha.
Kikubaaqudgha was greatly pleased with you.
You visited 4 branches of the dungeon, and saw 22 of its levels.
You also visited: Sewer.

You collected 1702 gold pieces.
You spent 132 gold pieces at shops.

Inventory:

Hand Weapons
 a - a +6 falchion of pain
 b - the +6 quarterstaff of the Horn {speed, Will+}
   (You found it on level 10 of the Dungeon)

   Attacks with this weapon are significantly faster.
   Will:      It increases your willpower.
 h - a +2 whip of venom
 p - a +2 dagger of venom
 M - a +0 lajatang
Missiles
 m - 6 boomerangs
 n - 2 silver javelins
 r - 9 curare-tipped darts
 z - 6 throwing nets
 P - 4 javelins (quivered)
Armour
 f - a +0 kite shield
 t - a +0 robe
 y - a scarf of invisibility (worn)
 C - a +2 pair of gloves (worn)
 E - a scarf of repulsion
 J - +0 steam dragon scales (worn)
 L - a +2 helmet (worn)
Magical Staves
 c - a staff of fire
 i - a staff of conjuration
 k - a staff of poison
 x - a staff of death (weapon)
Jewellery
 d - an amulet of faith (around neck)
 e - a ring of wizardry (right hand)
 q - an amulet of the acrobat
 u - a +4 ring of slaying
 w - a ring of resist corrosion
 A - a ring of protection from fire (left hand)
 O - a ring of wizardry
Wands
 o - a wand of iceblast (27)
 s - a wand of polymorph (6)
 H - a wand of acid (1)
 K - a wand of charming (7)
 N - a wand of flame (4)
 Q - a wand of paralysis (3)
Scrolls
 g - 5 scrolls of amnesia
 j - 3 scrolls of immolation
 l - 3 scrolls of enchant weapon
 v - 7 scrolls of vulnerability
 B - 9 scrolls of teleportation
 D - 2 scrolls of fear
 F - 8 scrolls of identify
 G - a scroll of enchant armour
 I - a scroll of silence
 R - 2 scrolls of fog


   Skills:
 + Level 5.3 Fighting
 + Level 2.4 Armour
 + Level 6.0 Dodging
 - Level 4.0 Stealth
 + Level 16.2 Spellcasting
 + Level 15.3 Necromancy
 - Level 5.5 Ice Magic
 - Level 6.5 Evocations


You had 11 spell levels left.
You knew the following spells:

 Your Spells              Type           Power      Damage    Failure   Level
a - Pain                  Necr           100%       1d9       0%          1
b - Vampiric Draining     Necr           100%       2d13      0%          3
c - Agony                 Necr           100%       N/A       1%          5
d - Animate Dead          Necr           51%        N/A       1%          4
e - Excruciating Wounds   Necr           51%        N/A       1%          5
f - Death Channel         Necr           51%        N/A       1%          6
g - Dispel Undead         Necr           100%       3d31      1%          4
h - Simulacrum            Ice/Necr       43%        N/A       3%          6

Your spell library contained the following spells:

 Spells                   Type           Power      Damage    Failure   Level
 Animate Skeleton         Necr           100%       N/A       0%          1
 Foxfire                  Conj/Fire      56%        2x1d6     1%          1
 Shock                    Conj/Air       56%        1d6       1%          1
 Corpse Rot               Necr/Air       100%       N/A       1%          2
 Conjure Flame            Conj/Fire      14%        6-21      5%          3
 Ignite Poison            Fire/Tmut/Pois 14%        N/A       5%          3
 Inner Flame              Hex/Fire       14%        N/A       5%          3
 Mephitic Cloud           Conj/Pois/Air  14%        N/A       5%          3
 Portal Projectile        Hex/Tloc       28%        N/A       5%          3
 Swiftness                Air            14%        N/A       5%          3
 Airstrike                Air            7%         N/A       16%         4
 Flame Wave               Conj/Fire      14%        2d5       16%         4
 Iskenderun's Mystic Bla  Conj/Tloc      14%        2d5       16%         4
 Sticky Flame             Conj/Fire      14%        2d4       16%         4
 Freezing Cloud           Conj/Ice/Air   10%        6-21      22%         5
 Irradiate                Conj/Tmut      7%         3d15      41%         5
 Eringya's Noxious Bog    Tmut/Pois      7%         N/A       92%         6
 Blade Hands              Tmut           Unusable   N/A       N/A         5

Dungeon Overview and Level Annotations

Branches:
Dungeon (13/15)            Temple (1/1) D:5            Lair (6/6) D:11
 Shoals (0/4) Lair:3       Spider (0/4) Lair:4        Slime (0/5) Lair:6
    Orc (2/2) D:11          Sewer (visited)
    Elf: Orc:2       Vaults: D:13-14

Altars:
Fedhas
Hepliaklqana
Kikubaaqudgha
Nemelex Xobeh
Okawaru
Qazlal
Ru
Sif Muna
Trog
Vehumet
Xom
Zin
The Shining One

Shops:
D:5 *   D:8 *   D:11 *   Orc:1 *

Annotations:
D:5 Dowan, Eustachio, Grinder, Menkaure
D:9 1 runed translucent door, ThreePoint314's ghost, novice DsIE


Innate Abilities, Weirdness & Mutations

You are immune to poison.
Your flesh is cold resistant. (rC+)
You are immune to negative energy. (rN+++)
You are immune to unholy pain and torment.
You are vulnerable to heat. (rF-)
You are in touch with the powers of death.
You do not drink.


Message History

You swap places.
Your ogre simulacrum hits the fire elemental.
Your ogre simulacrum freezes the fire elemental!
The fire elemental is frozen!
The fire elemental hits you. The fire elemental burns you!
The fire elemental hits your ogre simulacrum.
The fire elemental burns your ogre simulacrum!
Your ogre simulacrum melts!
Your ogre simulacrum vaporises!
Your ogre simulacrum hits the deep elf pyromancer.
Your ogre simulacrum freezes the deep elf pyromancer!
The deep elf pyromancer dies!
Kikubaaqudgha accepts your kill.
The fire elemental disappears in a puff of smoke! x2
You see here an ogre corpse.
The deep elf pyromancer mumbles some strange words.
The deep elf pyromancer blinks!
The deep elf pyromancer mumbles some strange words.
The deep elf pyromancer blinks!
The fire elemental barely misses you. The fire elemental hits you.
The fire elemental burns you! The fire elemental misses you.
The deep elf pyromancer casts a spell.
The deep elf pyromancer blinks!
You barely miss the fire elemental.
The deep elf pyromancer seems less drained.
The fire elemental misses you. The fire elemental barely misses you.
The deep elf pyromancer casts a spell.
The deep elf zephyrmancer gestures at you while chanting.
The bolt of lightning hits you!!
* * * LOW HITPOINT WARNING * * *
The bolt of lightning hits you!!
* * * LOW HITPOINT WARNING * * *
The deep elf pyromancer gestures wildly while chanting.
The fire elemental barely misses you.
The deep elf pyromancer casts a spell at you.
The bolt of fire hits the fire elemental.
The fire elemental completely resists.
The bolt of fire misses you. The fire elemental hits you.
The fire elemental burns you!
You die...
Kikubaaqudgha rasps: "You have failed me!
Welcome... oblivion!"

#....§.......§...#
#...........#e○...
#...e.....##...#.#
##....e...#.#..##
##..........Z...#
#.E..........)..##
#......^.........#
#eE<..............
#@E°e..§..........
##E#.............#
#.Z°○.e...........
##.#.°)...........
##Z†#.#...........
#÷................
#†................
##................
##...............


You could see 4 deep elf pyromancers, a deep elf zephyrmancer, 4 fire elementals
and 2 friendly ogre simulacra.

Vanquished Creatures
  A minotaur (Lair:3)
  5 hydras
  Erica (Lair:2)
  A centaur warrior (D:13)
  A merfolk avatar (Lair:6)
  Sonja (Lair:1)
  A wizard (D:11)
  A harpy (Lair:6)
  An orc sorcerer (Orc:1)
  11 cane toads
  3 black mambas
  A torpor snail (Lair:6)
  3 rime drakes
  12 komodo dragons
  2 trolls (D:11)
  A hornet (D:9)
  2 polar bears
  A queen bee (D:10)
  14 blink frogs
  A blink frog (shapeshifter) (D:11)
  A snapping turtle (Lair:6)
  A shadow (D:10)
  A wraith (D:11)
  11 yaks
  A wyvern (Lair:6)
  A vampire (D:10)
  5 basilisks
  A steam dragon (Lair:5)
  3 redbacks (Lair:4)
  2 vampire mosquitoes (D:11)
  6 wargs
  18 water moccasins
  2 black bears
  7 orc warriors
  3 sky beasts
  3 ice beasts (D:6)
  3 necrophages
  2 ogres
  22 wolves
  4 centaurs
  2 scorpions
  8 bullfrogs
  A wyvern zombie (D:7)
  2 water moccasin zombies
  2 water moccasin skeletons
  26 killer bees
  2 howler monkeys
  9 wights
  3 electric eels
  7 centaur zombies
  9 jellies
  A bullfrog zombie (D:6)
  4 hounds
  A bullfrog skeleton (D:4)
  4 orc priests
  A centaur skeleton (D:7)
  Terence (D:3)
  Natasha (thrice) (D:3)
  An iguana (D:4)
  13 orc wizards
  A killer bee zombie (D:7)
  A howler monkey zombie (D:9)
  3 river rats (Sewer)
  3 adders
  A white imp (D:7)
  A worm (D:2)
  A dart slug (D:1)
  19 orcs
  13 endoplasms
  7 giant cockroaches
  6 goblins
  10 hobgoblins
  2 jackals (D:1)
  2 kobolds (D:1)
  4 quokkas
  6 ball pythons
  8 bats
  9 frilled lizards
  8 rats
366 creatures vanquished.

Vanquished Creatures (collateral kills)
  A dire elephant (Lair:6)
  Harold (D:10)
  A hydra (Lair:5)
  A catoblepas (Lair:6)
  A deep elf pyromancer (Orc:2)
  3 elephants (Lair:5)
  5 cane toads
  A gargoyle (D:10)
  A rime drake (Lair:6)
  3 komodo dragons
  A polar bear (Lair:6)
  A wind drake (Lair:6)
  A hornet (Lair:6)
  4 blink frogs
  A snapping turtle (Lair:6)
  8 yaks
  A wyvern (Lair:6)
  A basilisk (Lair:3)
  A steam dragon (Lair:6)
  3 water moccasins
  2 black bears (Lair:3)
  4 necrophages (Lair:2)
  8 wolves
  2 bullfrogs
  A killer bee (D:10)
  An electric eel (Lair:6)
  An orc priest (D:6)
  An orc (D:7)
60 creatures vanquished.

Vanquished Creatures (others)
  76 fungi
  86 plants
162 creatures vanquished.

Grand Total: 588 creatures vanquished

Notes
Turn   | Place    | Note
-------+----------+-------------------------------------------
     0 | D:1      | Gwenloh the Mummy Necromancer began the quest for the Orb.
     0 | D:1      | Reached XP level 1. HP: 13/13 MP: 4/4
   389 | D:1      | Reached XP level 2. HP: 19/19 MP: 2/5
   705 | D:1      | Reached skill level 3 in Spellcasting
  1156 | D:1      | Reached XP level 3. HP: 24/24 MP: 3/7
  1197 | D:1      | Learned a level 3 spell: Vampiric Draining
  1216 | D:1      | Found a faded altar of an unknown god.
  2829 | D:3      | Found a glowing drain.
  2848 | Sewer    | Entered a sewer
  2923 | Sewer    | Reached XP level 4. HP: 30/30 MP: 5/9
  3370 | Sewer    | Reached XP level 5. HP: 35/35 MP: 0/10
  3375 | Sewer    | Learned a level 4 spell: Animate Dead
  3463 | Sewer    | Found a viscous altar of Jiyva.
  3469 | Sewer    | Reached skill level 4 in Spellcasting
  3969 | D:3      | Noticed Natasha
  3973 | D:3      | Killed Natasha
  3974 | D:3      | Reached XP level 6. HP: 41/41 MP: 5/12
  4029 | D:3      | Noticed Terence
  4037 | D:3      | Killed Terence
  4374 | D:3      | Noticed Natasha
  4384 | D:3      | Killed Natasha
  4589 | D:3      | Noticed Natasha
  4593 | D:3      | Killed Natasha
  5694 | D:5      | Entered Level 5 of the Dungeon
  5694 | D:5      | Noticed a water moccasin
  5711 | D:5      | Killed a water moccasin
  5712 | D:5      | Reached skill level 5 in Spellcasting
  5712 | D:5      | Reached XP level 7. HP: 21/46 MP: 1/14
  5888 | D:5      | Reached skill level 5 in Necromancy
  6121 | D:5      | Found a staircase to the Ecumenical Temple.
  6134 | Temple   | Entered the Ecumenical Temple
  6177 | Temple   | Became a worshipper of Kikubaaqudgha
  6360 | D:5      | Noticed Dowan
  6373 | D:5      | Upgraded the game from 0.28-a0-1356-g2ad6d04315 to
                  | 0.28-a0-1374-ga75cb3825e
  6397 | D:5      | Noticed Grinder
  6706 | D:5      | Noticed Menkaure
  6759 | D:5      | Found Zoeskerph's Serpentskin Sales.
  6772 | D:5      | Noticed Eustachio
  6793 | D:5      | Paralysed by Grinder for 4 turns
  7034 | D:6      | Learned a level 5 spell: Agony
  7242 | D:6      | Reached skill level 6 in Spellcasting
  7551 | D:6      | Reached XP level 8. HP: 20/52 MP: 17/17
  8503 | D:6      | Reached skill level 7 in Spellcasting
  9544 | D:7      | Reached * piety under Kikubaaqudgha
  9544 | D:7      | Received a gift from Kikubaaqudgha
  9716 | D:7      | Reached skill level 8 in Spellcasting
  9880 | D:7      | Reached XP level 9. HP: 34/57 MP: 2/21
 10259 | D:7      | Found an iron altar of Okawaru.
 10261 | D:7      | Found a radiant altar of Vehumet.
 11392 | D:8      | Reached skill level 9 in Spellcasting
 11392 | D:8      | Reached skill level 10 in Necromancy
 11446 | D:8      | Found a hazy altar of Hepliaklqana.
 11748 | D:8      | Found Rosin's General Store.
 11751 | D:8      | Bought a scarf of invisibility for 132 gold pieces
 12405 | D:9      | Reached skill level 1 in Evocations
 13555 | D:9      | Found a runed translucent door.
 13555 | D:9      | Noticed ThreePoint314's ghost (novice DsIE)
 13817 | D:10     | Entered Level 10 of the Dungeon
 13866 | D:10     | Noticed Harold
 13872 | D:10     | Killed Harold
 13873 | D:10     | Reached skill level 10 in Spellcasting
 13873 | D:10     | Reached XP level 10. HP: 47/63 MP: 7/24
 14061 | D:10     | Identified the +0 pair of gloves of Fiofilew {rC+}
 14091 | D:10     | Identified the +6 quarterstaff of the Horn {speed, Will+}
 14232 | D:10     | Reached ** piety under Kikubaaqudgha
 14831 | D:10     | Reached skill level 11 in Spellcasting
 16380 | D:10     | Noticed a gargoyle
 16400 | D:10     | Killed a gargoyle
 16611 | D:11     | Found a staircase to the Orcish Mines.
 16626 | D:10     | Reached skill level 5 in Evocations
 16626 | D:10     | Reached XP level 11. HP: 45/68 MP: 5/26
 17133 | D:11     | Noticed a wizard
 17147 | D:11     | Killed a wizard
 17476 | D:11     | Reached skill level 12 in Spellcasting
 18432 | D:11     | Found Koedoevi's Assorted Antiques.
 18492 | D:11     | You fall into a shaft and drop 2 floors!
 18507 | D:13     | Found a sparkling altar of Nemelex Xobeh.
 18518 | D:13     | Noticed a centaur warrior
 18549 | D:13     | Noticed a centaur warrior
 18590 | D:13     | Noticed a boulder beetle
 18658 | D:13     | Killed a centaur warrior
 18872 | D:13     | Noticed a boulder beetle
 18884 | D:13     | Noticed a purple ugly thing
 19709 | D:11     | Found a staircase to the Lair.
 20120 | Lair:1   | Entered Level 1 of the Lair of Beasts
 20283 | Lair:1   | Reached *** piety under Kikubaaqudgha
 20283 | Lair:1   | Received a gift from Kikubaaqudgha
 20430 | Lair:1   | Noticed a four-headed hydra
 20441 | Lair:1   | Noticed Sonja
 20680 | Lair:1   | Reached skill level 13 in Spellcasting
 20755 | Lair:1   | Learned a level 5 spell: Excruciating Wounds
 20762 | Lair:1   | Learned a level 6 spell: Death Channel
 20767 | Lair:1   | Learned a level 4 spell: Dispel Undead
 20774 | Lair:1   | Learned a level 6 spell: Simulacrum
 21274 | Lair:1   | Reached skill level 1 in Ice Magic
 21293 | Lair:1   | Killed Sonja
 21672 | Lair:1   | Killed a four-headed hydra
 22311 | Lair:2   | Reached XP level 12. HP: 52/74 MP: 13/29
 23203 | Lair:2   | Reached skill level 14 in Spellcasting
 23266 | Lair:2   | Noticed Erica
 24626 | Lair:2   | Killed Erica
 25311 | Lair:3   | Found a runed translucent door.
 25614 | Lair:3   | Noticed a minotaur
 25625 | Lair:3   | HP: 3/74 [minotaur (16)]
 25996 | Lair:3   | Killed a minotaur
 26312 | Lair:3   | Noticed a five-headed hydra
 26320 | Lair:3   | Killed a five-headed hydra
 26537 | Lair:3   | Noticed a four-headed hydra
 26546 | Lair:3   | Killed a four-headed hydra
 26550 | Lair:3   | Noticed a seven-headed hydra
 26778 | Lair:3   | Killed a seven-headed hydra
 26779 | Lair:3   | Reached skill level 5 in Ice Magic
 26793 | Lair:3   | Identified the +5 hand crossbow of Megalomania {vorpal,
                  | rPois rF+ rC- Dex+4}
 27239 | Lair:3   | Reached skill level 15 in Spellcasting
 27672 | Lair:3   | Found a staircase to the Shoals.
 28298 | Lair:4   | Found a hole to the Spider Nest.
 28377 | Lair:4   | Gained mutation: You are in touch with the powers of death.
                  | [Mummy growth]
 28377 | Lair:4   | Reached XP level 13. HP: 80/80 MP: 22/32
 28388 | Lair:4   | Reached skill level 1 in Fighting
 28427 | Lair:4   | Reached **** piety under Kikubaaqudgha
 30602 | Lair:5   | You fall into a shaft and drop 1 floor!
 30602 | Lair:6   | Entered Level 6 of the Lair of Beasts
 31461 | Lair:6   | Reached skill level 5 in Dodging
 32271 | Lair:6   | Reached skill level 15 in Necromancy
 33166 | Lair:6   | Reached skill level 1 in Armour
 33166 | Lair:6   | Reached skill level 16 in Spellcasting
 33332 | Lair:6   | Reached ***** piety under Kikubaaqudgha
 33615 | Lair:6   | Noticed a dire elephant
 33622 | Lair:6   | Killed a dire elephant
 33626 | Lair:6   | Reached skill level 5 in Fighting
 33907 | Lair:6   | Found a staircase to the Slime Pits.
 34623 | Lair:6   | Got Tiut's Tome of Virous Confrontation
 35078 | Orc:1    | Entered Level 1 of the Orcish Mines
 35081 | Orc:1    | Paralysed by an orc sorcerer for 5 turns
 35094 | Orc:1    | Reached XP level 14. HP: 95/98 MP: 21/34
 35894 | Orc:1    | Found Wesif's Gadget Gallery.
 36039 | Orc:2    | Entered Level 2 of the Orcish Mines
 36048 | Orc:2    | Identified a scroll of acquirement
 36051 | Orc:2    | Acquired a staff of death
 36441 | Orc:2    | HP: 3/98 [deep elf zephyrmancer/bolt of lightning (22)]
 36441 | Orc:2    | Mangled by a fire elemental

Illustrated notes

Levels and vault maps discovered:
D:1:      psy_arrival_terrarium, layout_basic, nicolae_ecumenical_lake_church
D:2:      layout_loops_ring, minmay_misc_feat_tower, minmay_puff
D:3:      layout_basic, portal_sewer_entry_a, uniq_natasha, uniq_terence
D:4:      layout_loops_cross
D:5:      layout_basic, temple_statues, guppyfry_shop_venom, uniq_grinder,
          uniq_eustachio, uniq_menkaure, uniq_crazy_yiuf_cottage, uniq_duvessa
D:6:      layout_loops_ring
D:7:      layout_cave_pools, mainiacjoe_overflow_catwalk_spiral, feat_on_display
D:8:      layout_loops_corners, mainiacjoe_overflow_catwalk, serial_shops,
          kennysheep_mini
D:9:      layout_rooms, mainiacjoe_overflow_concentric_impassable,
          gammafunk_ghost_grave
D:10:     layout_roguey, zin_treasury, minivault_7, uniq_harold
D:11:     layout_layer_cave, erik_lair_orcish_takeover,
          minmay_orc_entry_guard_dogs, serial_shops, nicolae_shop_behind_doors,
          minmay_librarian
D:12:     layout_cave_pods
D:13:     layout_stronghold, kennysheep_cluttered_room,
          nemelex_diamond_rough_becter
Temple:   minmay_crystal_spiral_temple
Lair:1:   layout_loops_ring, beast_lair_carwin_11, uniq_sonja
Lair:2:   layout_roguey, roderic_carrion_pond, lemuel_fruit_tree,
          grunt_megastairs_3, uniq_erica
Lair:3:   dreamdust_labyrinth, layout_gridlike, elwin_shoals_entry_rooms,
          grunt_megastairs_2
Lair:4:   layout_long_grid, spider_nest_entry_webs,
          nicolae_quartered_pool_super, grunt_megastairs_1
Lair:5:   layout_regular_city
Lair:6:   gammafunk_lair_ancient_temple, layout_gridlike,
          nicolae_slime_entry_slimehenge, disabler_island
Orc:1:    layout_caves, nicolae_shop_gadgets
Orc:2:    st_orc_pillars, layout_caves, elves_outpost_lemuel, uniq_urug

Skill      XL: |  1  2  3  4  5  6  7  8  9 10 11 12 13 14 |
---------------+-------------------------------------------+-----
Stealth        | 2 3 4 |  4.0
Dodging        | 2 3 5 6 |  6.0
Spellcasting   | 3 4 5 6 8 10 11 13 15 16 | 16.2
Necromancy     | 6 9 11 13 14 15 | 15.3
Evocations     | 2 5 6 |  6.5
Ice Magic      | 2 5 |  5.5
Fighting       | 5 |  5.3
Armour         | 2 |  2.4

Action                   |  1- 3 |  4- 6 |  7- 9 | 10-12 | 13-15 || total
-------------------------+-------+-------+-------+-------+-------++-------
Melee: Dagger            |    28 |       |       |       |       ||    28
       Unarmed           |     1 |       |       |       |       ||     1
       Whip              |    12 |    55 |    40 |       |       ||   107
       Falchion          |       |       |   215 |   139 |   136 ||   490
       Quarterstaff      |       |       |       |   137 |       ||   137
       Staff             |       |       |       |       |     9 ||     9
Throw: Stone             |    15 |       |       |       |       ||    15
       Boomerang         |       |     2 |    10 |     4 |     6 ||    22
       Dart              |       |       |     1 |     4 |       ||     5
       Javelin           |       |       |       |       |    11 ||    11
 Cast: Pain              |    86 |    75 |    58 |   151 |    22 ||   392
       Vampiric Draining |       |    14 |    54 |   191 |    84 ||   343
       Animate Dead      |       |       |    16 |    21 |     8 ||    45
       Agony             |       |       |       |    41 |    39 ||    80
       Simulacrum        |       |       |       |     5 |    10 ||    15
       Death Channel     |       |       |       |     4 |    14 ||    18
Invok: Receive Corpses   |       |       |     5 |    13 |     6 ||    24
       Torment           |       |       |       |       |     1 ||     1
Evoke: Wand              |       |       |    11 |     5 |    13 ||    29
  Use: Scroll            |       |       |    12 |     9 |     5 ||    26
 Stab: Sleeping          |     1 |     1 |     2 |       |       ||     4
       Distracted        |       |       |       |     1 |     2 ||     3
       Paralysed         |       |       |       |       |     1 ||     1
Armor: Robe              |     9 |     8 |    71 |   134 |    50 ||   272
       Steam dragon scal |       |       |       |       |    25 ||    25
Dodge: Dodged            |    29 |    45 |   272 |   348 |   199 ||   893

Table legend: (Time is in decaauts)
 A = Elapsed time spent in this place.
 B = Non-inter-level travel time spent in this place.
 C = Inter-level travel time spent in this place.
 D = Time resting spent in this place.
 E = Time spent auto-exploring this place.
 F = Levels seen in this place.
 G = Mean time per level.
                   A        B        C        D        E       F      G
               +--------+--------+--------+--------+--------+-----+--------+
         Total |  36712 |  35792 |    920 |  14580 |  11474 |  23 | 1596.2 |
       Dungeon |  19594 |  19141 |    453 |   7262 |   7135 |  13 | 1507.2 |
        Temple |     74 |     44 |     30 |      0 |     31 |   1 |   74.0 |
          Lair |  15021 |  14600 |    421 |   6583 |   3882 |   6 | 2503.5 |
  Orcish Mines |   1240 |   1225 |     15 |    482 |    119 |   2 |  620.0 |
         Sewer |    780 |    780 |      0 |    253 |    306 |   1 |  780.0 |
               +--------+--------+--------+--------+--------+-----+--------+

Top non-repeatable levels by time:
    D:10: 3234 daAuts
  Lair:1: 2809 daAuts
  Lair:3: 2669 daAuts
    D:11: 2572 daAuts
  Lair:6: 2475 daAuts
  Lair:4: 2447 daAuts
  Lair:5: 2324 daAuts
  Lair:2: 2296 daAuts
     D:6: 2211 daAuts
     D:9: 1869 daAuts
     D:8: 1753 daAuts
     D:1: 1542 daAuts
     D:3: 1390 daAuts
     D:5: 1213 daAuts
     D:2: 1211 daAuts
